 Dungeon Crawl Stone Soup version 0.31-a0-232-gb1c03b2570 (webtiles) character file.

Game seed: 11715862592674132337

1944 Decritt the Trooper (level 9, 0/96 HPs)
             Began as an Ogre Gladiator on July 7, 2023.
             Was a Follower of the Shining One.
             Slain by a very large slime creature (34 damage)
             ... on level 6 of the Dungeon.
             The game lasted 00:20:06 (7696 turns).

Decritt the Trooper (Ogre Gladiator)                Turns: 7696, Time: 00:20:07

Health: 0/96       AC: 17    Str: 24    XL:     9   Next: 18%
Magic:  11/11      EV:  7    Int:  9    God:    the Shining One [*.....]
Gold:   303        SH:  0    Dex: 10    Spells: 8/8 levels left

rFire   + . .        A - +4 battleaxe (freeze)
rCold   + . .        (shield currently unavailable)
rNeg    . . .        m - +1 gold dragon scales
rPois   +            w - +2 hat
rElec   .            (no cloak)
rCorr   .            (gloves unavailable)
SInv    +            (boots unavailable)
Will    .....        (no amulet) Stlth
                     k - ring of see invisible
HPRegen 0.36/turn    q - +5 ring of evasion
MPRegen 0.12/turn

%: no passive effects
@: glowing
A: large, unfitting armour, tough skin 1
a: Renounce Religion, Divine Shield


You were on level 6 of the Dungeon.
You worshipped the Shining One.
The Shining One was aware of your devotion.
You visited 2 branches of the dungeon, and saw 8 of its levels.

You collected 303 gold pieces.

Inventory:

Hand Weapons
 t - a +0 giant club
 A - a +4 battleaxe of freezing (weapon)
Missiles
 v - 6 large rocks (quivered)
Armour
 m - +1 gold dragon scales (worn)
 w - a +2 hat (worn)
Jewellery
 k - a ring of see invisible (left hand)
 q - a +5 ring of evasion (right hand)
 u - a +6 ring of intelligence
Wands
 b - a wand of digging (1)
Scrolls
 h - 2 scrolls of teleportation
 j - 2 scrolls of poison {unknown}
 l - a scroll of fear {unknown}
 p - 2 scrolls of revelation
 y - 2 scrolls of amnesia {unknown}
 z - a scroll of enchant weapon {unknown}
 B - 2 scrolls of fog
 D - a scroll of vulnerability {unknown}
Potions
 a - a potion of brilliance
 c - a potion of lignification {unknown}
 e - a potion of ambrosia
 f - a potion of resistance {unknown}
 g - a potion of haste
 n - a potion of mutation {unknown}
 o - 3 potions of curing
 s - 2 potions of heal wounds
 C - a potion of enlightenment {unknown}


   Skills:
 + Level 7.8 Fighting
 - Level 3.2(5.1) Axes
 * Level 5.4(5.8) Maces & Flails
 + Level 4.5 Throwing
 + Level 3.3 Armour
 + Level 4.8 Dodging
 + Level 3.0 Invocations


You had 8 spell levels left.
You didn't know any spells.
Your spell library contained the following spells:

 Spells                   Type           Power      Damage    Failure   Level
 Foxfire                  Conj/Fire      0%         2x1d4     100%        1
 Freeze                   Ice            0%         1d3       100%        1
 Sting                    Tmut/Pois      0%         1d3       100%        1
 Poisonous Vapours        Pois/Air       0%         N/A       100%        2
 Frozen Ramparts          Ice            0%         1d1       100%        3
 Hailstorm                Conj/Ice       0%         3d3       100%        3
 Olgreb's Toxic Radiance  Pois           0%         N/A       100%        4
 Fireball                 Conj/Fire      0%         3d3       100%        5
 Plasma Beam              Fire/Air       0%         2x1d10    100%        6
 Starburst                Conj/Fire      0%         6d3       100%        6


Dungeon Overview and Level Annotations

Branches:
Dungeon (7/15)             Temple (1/1) D:4

Altars:
Ashenzari
Dithmenos
Elyvilon
Gozag
Makhleb
Okawaru
Qazlal
Sif Muna
Trog
Uskayaw
Vehumet
Wu Jian
Xom
Yredelemnul
The Shining One

Annotations:
D:4 2 runed translucent doors, Soborki's ghost, amateur MiBe
D:6 3 runed translucent doors, ciphuk's ghost, novice OgMo
D:7 Dowan; Duvessa


Innate Abilities, Weirdness & Mutations

You are too large for most types of armour.
You have tough skin. (AC +1)


Message History

A slime creature comes into view.
You throw a large rock.
The large rock hits the slime creature!!
The slime creature is moderately wounded.
The slime creature moves out of view.
You hit the slime creature. You freeze the slime creature.
The slime creature is heavily wounded.
The slime creature hits you! x2
You slash the slime creature! You freeze the slime creature.
The slime creature is severely wounded.
The slime creature hits you.
Two slime creatures merge to form a very large slime creature.
Two slime creatures merge to form a large slime creature.
You slash the large slime creature! You freeze the large slime creature.
The large slime creature is heavily wounded.
The large slime creature hits you but does no damage.
You slash the large slime creature! You freeze the large slime creature.
The large slime creature is heavily wounded.
The large slime creature hits you!!
* * * LOW HITPOINT WARNING * * *
A very large slime creature splits.
Two slime creatures merge to form a very large slime creature.
You see here a wand of charming (8).
Duvessa gestures with her weapon.
Duvessa says, "Where magic fails, the sword succeeds!"
You see here a +0 club.
There is a stone staircase leading up here.
The very large slime creature hits you!
* * * LOW HITPOINT WARNING * * *
You climb upwards.
Level annotation: 3 runed translucent doors, ciphuk's ghost, novice OgMo
There is a stone staircase leading down here.
The very large slime creature attacks as you move away!
The very large slime creature hits you!
* * * LOW HITPOINT WARNING * * *
The very large slime creature attacks as you move away!
The very large slime creature barely misses you.
The very large slime creature attacks as you move away!
The very large slime creature hits you!!
You die...

##..#..# #.....###.###.#.......##
#...#..# #....####.####>.....(#..
#..##..# ##.....#....#...#.......
#...##.###..##..........##.#.....
###.##.##....#...........###.#.#.
# #.>.............#.......#....#.
###.....##.............#.........
.....#####.......J##...##......#.
....).## ###....@.##...####...##.
.......####........#.....#......<
...#.....#...#.#...#..#...#......
...###.......#.###.#..#.....###..
...##..##......##...........###.#
##..................###...#.....#
##..............######...##.....
###.................#.....##.....
#.#...##.........#.......###.....


You could see a very large slime creature.

Vanquished Creatures
  Sigmund (D:6)
  2 ice beasts
  A black bear (D:5)
  A centaur (D:7)
  An ogre (D:5)
  Blork the orc (D:6)
  A bullfrog (D:7)
  3 scorpions
  6 killer bees (D:7)
  4 hounds
  3 orc priests
  4 jellies
  A sleepcap (D:6)
  2 orc wizards (D:7)
  Natasha (thrice) (D:3)
  7 gnolls
  7 adders
  A white imp (D:7)
  An ufetubus (D:5)
  4 worms
  2 dart slugs
  17 orcs
  10 bats
  8 endoplasms
  8 giant cockroaches
  23 goblins
  13 hobgoblins
  5 jackals
  5 quokkas
  5 ball pythons
  2 frilled lizards (D:1)
  3 kobolds (D:1)
  12 rats
167 creatures vanquished.

Notes
Turn   | Place    | Note
-------+----------+-------------------------------------------
     0 | D:1      | Decritt the Ogre Gladiator began the quest for the Orb.
     0 | D:1      | Reached XP level 1. HP: 22/22 MP: 1/1
    87 | D:1      | Reached skill level 3 in Fighting
   143 | D:1      | Reached XP level 2. HP: 28/31 MP: 2/2
   541 | D:1      | Reached XP level 3. HP: 37/37 MP: 3/3
  1076 | D:2      | Reached skill level 1 in Maces & Flails
  1200 | D:2      | Found a shadowy altar of Dithmenos.
  1547 | D:2      | Reached skill level 4 in Fighting
  1575 | D:2      | Reached XP level 4. HP: 43/48 MP: 4/4
  2405 | D:3      | Reached XP level 5. HP: 55/55 MP: 5/5
  2737 | D:3      | Reached skill level 1 in Armour
  3010 | D:3      | Found a faded altar of an unknown god.
  3225 | D:4      | Noticed Natasha
  3472 | D:4      | Found a staircase to the Ecumenical Temple.
  3515 | Temple   | Entered the Ecumenical Temple
  3771 | Temple   | Became a worshipper of the Shining One
  3808 | D:4      | Found a runed translucent door.
  3811 | D:4      | Noticed Soborki's ghost (amateur MiBe)
  4178 | D:4      | Found a runed translucent door.
  4353 | D:5      | Entered Level 5 of the Dungeon
  4374 | D:5      | Noticed an ice beast
  4404 | D:4      | Killed an ice beast
  4405 | D:4      | Reached skill level 5 in Fighting
  4405 | D:4      | Reached XP level 6. HP: 46/66 MP: 6/6
  4614 | D:5      | Found Nusobb's General Store.
  4683 | D:5      | Reached XP level 7. HP: 70/74 MP: 7/7
  4766 | D:5      | Reached skill level 6 in Fighting
  5291 | D:6      | Reached XP level 8. HP: 84/84 MP: 8/8
  5372 | D:6      | Noticed Blork the orc
  5374 | D:6      | Reached skill level 1 in Invocations
  5379 | D:6      | Killed Blork the orc
  5516 | D:6      | Noticed Sigmund
  5529 | D:6      | Killed Sigmund
  5530 | D:6      | Reached skill level 7 in Fighting
  5628 | D:6      | Found a runed translucent gate.
  5629 | D:6      | Found a runed translucent gate.
  5630 | D:6      | Found a runed translucent gate.
  5632 | D:6      | Found an opulent altar of Gozag.
  5635 | D:6      | Noticed ciphuk's ghost (novice OgMo)
  5639 | D:6      | Noticed a two-headed ogre
  5641 | D:6      | Noticed a manticore
  5883 | D:3      | Killed Natasha
  5883 | D:3      | Reached * piety under the Shining One
  6306 | D:3      | Found a faded altar of an unknown god.
  6604 | D:3      | Noticed Natasha
  6605 | D:3      | Killed Natasha
  6734 | D:3      | Noticed Natasha
  6738 | D:3      | Killed Natasha
  6908 | D:7      | Reached skill level 5 in Maces & Flails
  6987 | D:7      | Reached XP level 9. HP: 83/93 MP: 10/10
  7630 | D:7      | Found a basalt altar of Yredelemnul.
  7636 | D:7      | Noticed Duvessa
  7637 | D:7      | Noticed Dowan
  7696 | D:6      | Slain by a very large slime creature

Illustrated notes

Levels and vault maps discovered:
D:1:      ncdulo_watergridlock, layout_loops_ring
D:2:      cheibrodos_greedy_goblins, layout_loops_ring, basic_altar,
          minmay_surrounded
D:3:      kennysheep_six_static_rooms, layout_basic,
          hellmonk_ecumenical_altar_inner_sanctum, solitary_fountain
D:4:      layout_basic, minmay_temple_entry_crystal_x, ebering_ghost_sewer_f,
          uniq_natasha
D:5:      layout_basic, serial_shops, shop, minmay_ogre_servants
D:6:      layout_cave_pools, ebering_ghost_gozag, uniq_sigmund,
          uniq_blork_the_orc
D:7:      layout_basic, mainiacjoe_overflow_boulevard, uniq_duvessa
Temple:   eino_temple_water

Skill      XL: |  1  2  3  4  5  6  7  8  9 |
---------------+----------------------------+-----
Fighting       | 3 4 5 6 7 |  7.8
Maces & Flails | 1 2 3 5 |  5.4
Dodging        | 3 4 |  4.8
Armour         | 1 2 3 |  3.3
Throwing       | 3 4 |  4.5
Invocations    | 2 3 |  3.0
Axes           | |  3.2

Action                     |  1- 3 |  4- 6 |  7- 9 || total
---------------------------+-------+-------+-------++-------
  Melee: War axe           |    39 |       |       ||    39
         Club              |   181 |   194 |       ||   375
         Punch             |     1 |     1 |     1 ||     3
         Morningstar       |       |    43 |    48 ||    91
         Flail             |       |     2 |       ||     2
         Giant club        |       |       |     7 ||     7
         Battleaxe         |       |       |    37 ||    37
  Throw: Large rock        |       |    21 |    56 ||    77
    Use: Scroll            |       |    10 |     3 ||    13
   Stab: Sleeping          |     1 |       |       ||     1
 Armour: Robe              |    54 |       |       ||    54
         Gold dragon scale |   100 |   241 |    90 ||   431
  Dodge: Dodged            |    72 |    36 |    39 ||   147

Table legend: (Time is in decaauts)
 A = Elapsed time spent in this place.
 B = Non-inter-level travel time spent in this place.
 C = Inter-level travel time spent in this place.
 D = Time resting spent in this place.
 E = Time spent auto-exploring this place.
 F = Levels seen in this place.
 G = Mean time per level.
                   A        B        C        D        E       F      G
               +--------+--------+--------+--------+--------+-----+--------+
         Total |   7892 |   7690 |    202 |    153 |   5679 |   8 |  986.5 |
       Dungeon |   7618 |   7433 |    185 |    153 |   5517 |   7 | 1088.3 |
        Temple |    273 |    256 |     17 |      0 |    162 |   1 |  273.0 |
               +--------+--------+--------+--------+--------+-----+--------+

Top non-repeatable levels by time:
     D:3: 2286 daAuts
     D:1: 1064 daAuts
     D:2: 1038 daAuts
     D:4: 913 daAuts
     D:7: 851 daAuts
     D:5: 838 daAuts
     D:6: 625 daAuts
  Temple: 273 daAuts
